 Dungeon Crawl Stone Soup version 0.23.2-1-ga50397a6bc (webtiles) character file.

Game seed: 15133111872791077322

459 Mrkan the Ruffian (level 6, -4/59 HPs)
             Began as a Troll Monk on May 21, 2019.
             Slain by Pikel
             ... wielding a +1 whip of freezing
              (7 damage)
             ... on level 3 of the Dungeon.
             The game lasted 00:05:10 (2267 turns).

Mrkan the Ruffian (Troll Monk)                      Turns: 2267, Time: 00:05:10

Health: -4/59      AC:  7    Str: 20    XL:     6   Next: 78%
Magic:  5/5        EV: 10    Int:  6    God:
Gold:   136        SH:  0    Dex: 14    Spells: 5/5 levels left

rFire    . . .     SeeInvis .     - Unarmed
rCold    . . .     Gourm    +   (no shield)
rNeg     . . .     Faith    .   a - +1 robe
rPois    .         Spirit   .   (helmet restricted)
rElec    .         Reflect  .   (no cloak)
rCorr    .         Harm     .   (gloves unavailable)
MR       .....                  (boots unavailable)
Stlth    ++........             (no amulet)
HPRegen  0.59/turn              (no ring)
MPRegen  0.09/turn              (no ring)

@: lethally poisoned (-4 -> -6)
A: large, unfitting armour, claws 3, fast metabolism 3, gourmand, regeneration
1, shaggy fur 1, tough skin 3
a: no special abilities


You were on level 3 of the Dungeon.
You were full.

You visited 1 branch of the dungeon, and saw 4 of its levels.

You collected 136 gold pieces.

Inventory:

Hand Weapons
 i - the cursed +0 rapier of Excruciating Pain {pierce, +Inv rN+ Dex+5}
   (You found it on level 3 of the Dungeon)

   It inflicts extra damage upon your enemies.
   It affects your dexterity (+5).
   It protects you from negative energy.
   It lets you turn invisible.
   It has a curse placed upon it.
Armour
 a - a +1 robe (worn)
Jewellery
 k - an uncursed ring of wizardry {unknown}
 n - an uncursed amulet of magic regeneration {unknown}
 p - a +4 ring of dexterity {unknown}
Wands
 r - a wand of iceblast (11)
Scrolls
 c - 3 scrolls of remove curse
 f - a scroll of enchant armour
 g - a scroll of identify
 h - a scroll of enchant weapon {unknown}
 j - a scroll of random uselessness {unknown}
 o - 2 scrolls of amnesia {unknown}
 q - a scroll of immolation {unknown}
 s - a scroll of fear {unknown}
Potions
 d - a potion of heal wounds
 e - a potion of curing {unknown}
 l - a potion of resistance {unknown}
 m - a potion of might {unknown}
 t - a potion of berserk rage {unknown}
 u - a potion of cancellation {unknown}
 v - a potion of mutation {unknown}
Comestibles
 b - 7 rations


   Skills:
 - Level 2.4 Fighting
 - Level 2.4 Dodging
 - Level 1.0 Stealth
 * Level 7.8 Unarmed Combat


You had 5 spell levels left.
You didn't know any spells.
Your spell library was empty.

Dungeon Overview and Level Annotations

Branches:
Dungeon (4/15)
 Temple: D:4-7

Altars:
Zin

Annotations:
D:3 Pikel


Innate Abilities, Weirdness & Mutations

You are too large for most types of armour.
You have claws for hands.
Your metabolism is lightning-fast.
You like to eat raw meat.
Your natural rate of healing is unusually fast.
You are covered in fur. (AC +1)
You have extremely tough skin. (AC +3)


Message History

The worker ant poisons you! The slave hits you.
You claw Pikel!
Pikel is severely wounded.
You feel sick. The worker ant bites you.
Pikel hits you with a +1 whip of freezing.
* * * LOW HITPOINT WARNING * * *
Pikel freezes you.
* * * LOW HITPOINT WARNING * * *
The slave hits you.
* * * LOW HITPOINT WARNING * * *
You scratch Pikel.
Pikel is almost dead.
You feel sick. The worker ant closely misses you.
Pikel hits you but does no damage. The slave hits you!
* * * LOW HITPOINT WARNING * * *
You barely miss Pikel.
Pikel is almost dead.
You feel sick. The worker ant closely misses you.
Pikel hits you with a +1 whip of freezing!
You die...

#######.###.####### #..........
#.................# #....[.....
#.####.#<.#.#####.# #..........
#.#...........# #.####..........
#.#.##....#.#.# #...............
#.#.##......#.#######...........
#...#.(...#.#...................
#####.#...#.###K###.#).......###
######.#.......p@a[.)............
...........#.#######.###.#.######
######.#......##...#.....#.# #
#.#####..##.#.#######.# #
#........)............# #
#################################
..........#.....................#
#########.#.....####....#...##..#
#####.#...### #....#...###.#


You could see Pikel, a slave and a worker ant.

Vanquished Creatures
  Grinder (D:3)
  3 slaves (D:3)
  2 orc priests (D:3)
  Ijyb (D:3)
  Terence (D:3)
  7 gnolls (D:3)
  2 adders
  3 dart slugs
  4 leopard geckos
  2 orcs (D:3)
  7 bats
  5 giant cockroaches
  4 goblins
  12 hobgoblins
  3 jackals (D:3)
  5 frilled lizards
  5 kobolds
  8 rats
75 creatures vanquished.

Notes
Turn   | Place    | Note
-------+----------+-------------------------------------------
     0 | D:1      | Mrkan the Troll Monk began the quest for the Orb.
     0 | D:1      | Reached XP level 1. HP: 22/22 MP: 0/0
   136 | D:1      | Reached XP level 2. HP: 29/29 MP: 1/1
   399 | D:1      | Reached skill level 4 in Unarmed Combat
   692 | D:2      | Reached XP level 3. HP: 36/36 MP: 2/2
  1190 | D:2      | Found a glowing silver altar of Zin.
  1297 | D:3      | Reached XP level 4. HP: 43/44 MP: 3/3
  1303 | D:3      | Noticed Ijyb
  1313 | D:3      | Killed Ijyb
  1313 | D:3      | Reached skill level 5 in Unarmed Combat
  1340 | D:3      | Noticed Grinder
  1346 | D:3      | Paralysed by Grinder for 6 turns
  1359 | D:3      | Paralysed by Grinder for 3 turns
  1363 | D:3      | Killed Grinder
  1363 | D:3      | Reached skill level 6 in Unarmed Combat
  1363 | D:3      | Reached XP level 5. HP: 5/50 MP: 4/4
  1363 | D:3      | Reached XP level 6. HP: 6/59 MP: 5/5
  1371 | D:3      | Reached skill level 7 in Unarmed Combat
  1407 | D:3      | HP: 2/59 [gnoll/+0 spear of piercing (1)]
  1687 | D:3      | Got a faintly glowing rapier
  1868 | D:3      | Noticed Terence
  1874 | D:3      | Killed Terence
  2099 | D:3      | Identified the cursed +0 rapier of Excruciating Pain
                  | {pierce, +Inv rN+ Dex+5} (You found it on level 3 of the
                  | Dungeon)
  2158 | D:4      | Noticed Pikel
  2158 | D:4      | Noticed a slave
  2158 | D:4      | Noticed a slave
  2158 | D:4      | Noticed a slave
  2158 | D:4      | Noticed a slave
  2169 | D:3      | Killed a slave
  2176 | D:3      | Killed a slave
  2186 | D:3      | Killed a slave
  2267 | D:3      | Slain by Pikel

Skill      XL: |  1  2  3  4  5  6 |
---------------+-------------------+-----
Unarmed Combat | 4 6 7 |  7.8
Fighting       | |  2.4
Dodging        | |  2.4
Stealth        | |  1.0

Action                   |  1- 3 |  4- 6 || total
-------------------------+-------+-------++-------
Melee: Unarmed           |    92 |   110 ||   202
       Punch             |     3 |     3 ||     6
  Use: Scroll            |       |     3 ||     3
       Potion            |       |     2 ||     2
 Stab: Sleeping          |     5 |     2 ||     7
  Eat: Chunk             |    17 |     5 ||    22
Armor: Robe              |    30 |    47 ||    77
Dodge: Dodged            |    64 |    60 ||   124
